 Dungeon Sprint DCSS version 0.30.1-11-g7821555f0a (webtiles) character file.

Game seed: 13156136603469469712

29181 Groucho the Spry (level 12, -3/58 HPs)
             Began as a Spriggan Enchanter on Nov 21, 2023.
             Was the Champion of Dithmenos.
             Slain by an alligator snapping turtle (33 damage)
             ... in the Dungeon (Sprint III: "The Ten Rune Challenge").
             The game lasted 00:13:06 (2115 turns).

Groucho the Spry (Spriggan Enchanter)               Turns: 2115, Time: 00:13:07

Health: -3/58      AC:  3    Str: 11    XL:     12   Next: 7%
Magic:  41/41      EV: 30    Int: 18    God:    Dithmenos [******]
Gold:   33         SH:  0    Dex: 18    Spells: 28/42 levels left

rFire   . . .        p - +1 dagger (venom)
rCold   + . .        (no shield)
rNeg    . . .        b - +0 robe
rPois   .            s - +1 hat
rElec   .            (no cloak)
rCorr   .            (gloves unavailable)
SInv    +            (boots unavailable)
Will    ++...        (no amulet) Stlth **++++++++
                     h - ring of magical power
HPRegen 0.29/turn    (no ring)
MPRegen 0.27/turn

%: no teleportation
@: flying, wreathed by umbra, invisible, very quick
A: very small, no large weapons, unfitting armour, see invisible, speed 3,
hooves 1, agile 1, cold resistance 1, strong 2
}: 1/10 runes: barnacled
a: Renounce Religion, Shadow Step, Shadow Form


You were in the Dungeon.
You worshipped Dithmenos.
Dithmenos was exalted by your worship.
You visited 1 branch You collected 33 gold pieces.

Inventory:

Hand Weapons
 a - a +1 dagger
 p - a +1 dagger of venom (weapon)
Armour
 b - a +0 robe (worn)
 s - a +1 hat (worn)
Jewellery
 h - a ring of magical power (left hand)
Wands
 q - a wand of iceblast (11)
Scrolls
 f - a scroll of amnesia {unknown}
 i - a scroll of blinking
 j - a scroll of torment {unknown}
 k - a scroll of identify {unknown}
 m - a scroll of poison {unknown}
 n - a scroll of fog {unknown}
Potions
 c - a potion of invisibility
 d - a potion of curing
 e - 2 potions of heal wounds
 g - 2 potions of magic
 l - a potion of flight
 o - 2 potions of mutation
 r - 2 potions of degeneration {unknown}


   Skills:
 + Level 4.4 Fighting
 - Level 10.0 Short Blades
 + Level 16.3 Dodging
 - Level 15.0 Stealth
 + Level 15.5 Spellcasting
 * Level 13.8 Conjurations
 - Level 15.0 Hexes
 + Level 2.5 Ice Magic


You had 28 spell levels left.
You knew the following spells:

 Your Spells              Type           Power      Damage    Failure   Level
a - Ensorcelled Hibernat  Hex/Ice        90%        N/A       1%          2
b - Confusing Touch       Hex            61%        N/A       1%          3
c - Dazzling Flash        Conj/Hex       100%       N/A       1%          3
d - Tukima's Dance        Hex            61%        N/A       1%          3
e - Hailstorm             Conj/Ice       43%        3d10      1%          3

Your spell library contained the following spells:

 Spells                   Type           Power      Damage    Failure   Level
 Ice Form                 Ice/Tmut       18%        N/A       26%         4
 Simulacrum               Ice/Necr       9%         N/A       99%         6


Dungeon Overview and Level Annotations

Branches:
Dungeon (1/1)

Altars:
Cheibriados
Dithmenos
Elyvilon
Fedhas
Gozag
Hepliaklqana
Kikubaaqudgha
Makhleb
Nemelex Xobeh
Okawaru
Qazlal
Ru
Sif Muna
Trog
Uskayaw
Vehumet
Wu Jian
Xom
Yredelemnul
Zin
The Shining One
Jiyva
Lugonu

Shops:
D :[?


Innate Abilities, Weirdness & Mutations

You are very small and have problems with some larger weapons.
You are too small for most types of armour.
You have supernaturally acute eyesight. (SInv)
You cover ground extremely quickly. (Speed+++)
You have large cloven feet.
You are agile. (Dex +4, Str/Int -1)
Your flesh is cold resistant. (rC+)
Your muscles are very strong. (Str +8, Int/Dex -2)


Message History

Your shadow hits the snapping turtle but does no damage.
The alligator snapping turtle misses you.
The snapping turtle misses you.
Unknown command.
Unknown command.
You barely miss the snapping turtle.
The snapping turtle is severely wounded.
Your shadow hits the snapping turtle but does no damage.
Unknown command.
Unknown command.
Unknown command.
You catch the helpless snapping turtle completely off-guard!
You perforate the snapping turtle like a sieve!!!
You kill the snapping turtle!
Dithmenos accepts your kill.
You hit the alligator snapping turtle but do no damage.
The alligator snapping turtle looks as sick as possible!
The alligator snapping turtle is moderately wounded.
Your shadow hits the alligator snapping turtle but does no damage.
You catch the helpless alligator snapping turtle completely off-guard!
You spit the alligator snapping turtle like a pig!!!
You kick the alligator snapping turtle, but do no damage.
The alligator snapping turtle is heavily wounded.
Your shadow hits the alligator snapping turtle but does no damage.
There is an entrance to Bymeym's Antique Armour Boutique here.
You see here a barnacled rune of Zot.
You pick up the barnacled rune and feel its power.
Press } to see all the runes you have collected.
Unknown command.
Unknown command.
There is an entrance to Wolung's Magic Scroll Shop here.
There is an entrance to Bymeym's Antique Armour Boutique here.
There is an entrance to Sir Acih's Book Shoppe here.
The alligator snapping turtle hisses angrily.
You hit the alligator snapping turtle but do no damage.
The alligator snapping turtle looks as sick as possible!
The alligator snapping turtle is heavily wounded.
The alligator snapping turtle bites you!!
Ouch! That really hurt!
You die...

▓≈≈≈~≈≈≈≈~≈≈≈▓
▓≈≈~≈≈≈≈≈≈~≈≈▓
▓≈~≈≈≈≈≈≈≈≈~≈▓
▓~≈≈≈≈≈≈≈≈≈≈~▓
▓≈~≈≈≈≈≈≈≈≈~≈▓
▓≈≈~≈≈§§§§§≈≈▓
▓≈≈≈~≈≈§§§§≈≈▓
▓≈≈≈..§§§§§≈≈▓
▓≈≈t@∩∩§§§§≈≈▓
▓▓▓▓▓▓▓▓▓▓▓▓▓▓


You could see an alligator snapping turtle (unable to see you, extremely
poisoned).

Vanquished Creatures
  Rupert (D)
  Gastronok (D)
  A kraken (D)
  2 dire elephants (D)
  Erica (D)
  An alligator snapping turtle (D)
  A centaur warrior (D)
  4 death yaks (D)
  A deep elf pyromancer (D)
  2 black mambas (D)
  2 elephants (D)
  2 cane toads (D)
  A komodo dragon (D)
  2 unseen horrors (D)
  A rime drake (D)
  3 wandering mushrooms (D)
  8 blink frogs (D)
  4 snapping turtles (D)
  A shadow (D)
  A spatial vortex (D)
  A swamp drake (D)
  2 centaurs (D)
  An earth elemental (D)
  A necrophage (D)
  A scorpion (D)
  A water elemental (D)
  A jelly (D)
  Jessica (D)
  A wizard (D)
  A necromancer (D)
  A kobold demonologist (D)
  3 humans (D)
  2 endoplasms (D)
57 creatures vanquished.

Notes
Turn   | Place    | Note
-------+----------+-------------------------------------------
     0 | D        | Groucho the Spriggan Enchanter began the quest for the Orb.
     0 | D        | Reached XP level 1. HP: 9/9 MP: 5/5
     5 | D        | Reached skill level 5 in Stealth
    11 | D        | Noticed Jessica
    18 | D        | Killed Jessica
    19 | D        | Reached skill level 5 in Hexes
    19 | D        | Reached XP level 2. HP: 13/13 MP: 6/8
    19 | D        | Reached XP level 3. HP: 16/16 MP: 6/9
   352 | D        | Learned a level 2 spell: Ensorcelled Hibernation
   356 | D        | Learned a level 3 spell: Confusing Touch
   360 | D        | Learned a level 3 spell: Dazzling Flash
   374 | D        | Noticed a scorpion
   381 | D        | Killed a scorpion
   382 | D        | Reached skill level 3 in Dodging
   382 | D        | Reached skill level 5 in Spellcasting
   382 | D        | Reached XP level 4. HP: 21/21 MP: 12/12
   397 | D        | Gained mutation: You are agile. (Dex +4, Str/Int -1)
                  | [potion of mutation]
   397 | D        | Gained mutation: You have a pair of small horns on your
                  | head. [potion of mutation]
   397 | D        | Gained mutation: You are very agile. (Dex +8, Str/Int -2)
                  | [potion of mutation]
   397 | D        | Gained mutation: You passively map a small area around you.
                  | [potion of mutation]
   398 | D        | Lost mutation: You have a pair of small horns on your head.
                  | [potion of mutation]
   398 | D        | Lost mutation: You are very agile. (Dex +8, Str/Int -2)
                  | [potion of mutation]
   398 | D        | Gained mutation: You have a pair of small horns on your
                  | head. [potion of mutation]
   399 | D        | Lost mutation: You have a pair of small horns on your head.
                  | [potion of mutation]
   399 | D        | Lost mutation: You passively map a small area around you.
                  | [potion of mutation]
   399 | D        | Gained mutation: You have large cloven feet. [potion of
                  | mutation]
   399 | D        | Gained mutation: Your muscles are strong. (Str +4, Int/Dex
                  | -1) [potion of mutation]
   399 | D        | Gained mutation: Your flesh is cold resistant. (rC+)
                  | [potion of mutation]
   399 | D        | Gained mutation: Your muscles are very strong. (Str +8,
                  | Int/Dex -2) [potion of mutation]
   411 | D        | Reached skill level 4 in Dodging
   414 | D        | Noticed a water elemental
   417 | D        | Killed a water elemental
   418 | D        | Reached skill level 10 in Stealth
   418 | D        | Reached XP level 5. HP: 24/24 MP: 14/14
   425 | D        | Learned a level 3 spell: Tukima's Dance
   432 | D        | Found a shadowy altar of Dithmenos.
   433 | D        | Found a basalt altar of Yredelemnul.
   433 | D        | Found a sacrificial altar of Ru.
   435 | D        | Reached skill level 5 in Dodging
   452 | D        | Became a worshipper of Dithmenos the Shadowed
   648 | D        | Found a radiant altar of Vehumet.
   648 | D        | Found a shimmering blue altar of Sif Muna.
   648 | D        | Found an ancient bone altar of Kikubaaqudgha.
   652 | D        | Reached XP level 6. HP: 28/28 MP: 16/16
   673 | D        | Found a hide-covered altar of Uskayaw.
   673 | D        | Found an iron altar of Okawaru.
   674 | D        | Found a bloodstained altar of Trog.
   674 | D        | Found an ornate altar of the Wu Jian Council.
   674 | D        | Noticed a human
   674 | D        | Noticed a human
   708 | D        | Killed a human
   708 | D        | Reached * piety under Dithmenos
   709 | D        | Reached skill level 5 in Short Blades
   709 | D        | Reached skill level 6 in Dodging
   712 | D        | Killed a human
   713 | D        | Reached skill level 5 in Conjurations
   713 | D        | Reached XP level 7. HP: 19/32 MP: 18/18
   869 | D        | Found a glowing silver altar of Zin.
   870 | D        | Found a glowing golden altar of the Shining One.
   870 | D        | Found a white marble altar of Elyvilon.
   870 | D        | Noticed a deep elf pyromancer
   872 | D        | Killed a deep elf pyromancer
   873 | D        | Reached skill level 8 in Dodging
   873 | D        | Reached XP level 8. HP: 36/36 MP: 21/21
   886 | D        | Reached ** piety under Dithmenos
   887 | D        | Reached skill level 15 in Stealth
   894 | D        | Found a blossoming altar of Fedhas.
   894 | D        | Found a stormy altar of Qazlal.
   894 | D        | Found a snail-covered altar of Cheibriados.
   894 | D        | Found a burning altar of Makhleb.
   894 | D        | Found a shimmering altar of Xom.
   895 | D        | Found a hazy altar of Hepliaklqana.
   895 | D        | Found an opulent altar of Gozag.
   895 | D        | Found a sparkling altar of Nemelex Xobeh.
   895 | D        | Found a corrupted altar of Lugonu.
   895 | D        | Found a viscous altar of Jiyva.
   904 | D        | Noticed Erica
   907 | D        | Killed Erica
   908 | D        | Reached skill level 9 in Dodging
   917 | D        | Reached *** piety under Dithmenos
   918 | D        | Reached XP level 9. HP: 39/39 MP: 23/23
   922 | D        | Noticed a centaur warrior
   927 | D        | Reached skill level 10 in Hexes
   929 | D        | Killed a centaur warrior
   930 | D        | Reached skill level 10 in Dodging
   930 | D        | Reached skill level 10 in Spellcasting
  1266 | D        | Noticed an unseen horror
  1266 | D        | Noticed an unseen horror
  1268 | D        | Killed an unseen horror
  1268 | D        | Reached **** piety under Dithmenos
  1272 | D        | Killed an unseen horror
  1273 | D        | Reached skill level 11 in Dodging
  1297 | D        | Noticed a wandering mushroom
  1301 | D        | Noticed a wandering mushroom
  1303 | D        | Noticed a wandering mushroom
  1308 | D        | Killed a wandering mushroom
  1311 | D        | Killed a wandering mushroom
  1320 | D        | Killed a wandering mushroom
  1321 | D        | Reached XP level 10. HP: 44/44 MP: 26/26
  1331 | D        | Noticed a cane toad
  1331 | D        | Noticed a cane toad
  1334 | D        | Killed a cane toad
  1334 | D        | Reached ***** piety under Dithmenos
  1335 | D        | Killed a cane toad
  1336 | D        | Reached skill level 10 in Conjurations
  1337 | D        | Reached skill level 10 in Short Blades
  1337 | D        | Reached skill level 12 in Dodging
  1361 | D        | Reached ****** piety under Dithmenos
  1366 | D        | Noticed Rupert
  1370 | D        | Killed Rupert
  1371 | D        | Reached skill level 13 in Dodging
  1376 | D        | Noticed a death yak
  1377 | D        | Noticed a death yak
  1382 | D        | Noticed a death yak
  1752 | D        | Noticed an azure jelly
  1752 | D        | Noticed an azure jelly
  1752 | D        | Noticed an azure jelly
  1752 | D        | Noticed an azure jelly
  1754 | D        | Noticed an elephant
  1754 | D        | Noticed an elephant
  1754 | D        | Noticed a dire elephant
  1754 | D        | Noticed a dire elephant
  1754 | D        | Noticed Gastronok
  1757 | D        | Killed a dire elephant
  1758 | D        | Reached XP level 11. HP: 47/47 MP: 29/29
  1758 | D        | Killed Gastronok
  1759 | D        | Reached skill level 14 in Dodging
  1760 | D        | Killed a dire elephant
  1804 | D        | Noticed a death yak
  1848 | D        | Killed a death yak
  1849 | D        | Reached skill level 1 in Fighting
  1849 | D        | Reached skill level 15 in Dodging
  1864 | D        | Killed a death yak
  1870 | D        | Killed a death yak
  1889 | D        | Killed a death yak
  1890 | D        | Reached skill level 15 in Hexes
  2050 | D        | Reached skill level 15 in Spellcasting
  2054 | D        | Learned a level 3 spell: Hailstorm
  2063 | D        | Noticed a kraken
  2071 | D        | Noticed an alligator snapping turtle
  2072 | D        | Found Wolung's Magic Scroll Shop.
  2072 | D        | Found Bymeym's Antique Armour Boutique.
  2072 | D        | Found Sir Acih's Book Shoppe.
  2072 | D        | Noticed an alligator snapping turtle
  2083 | D        | Killed a kraken
  2084 | D        | Reached skill level 16 in Dodging
  2084 | D        | Reached skill level 1 in Ice Magic
  2094 | D        | Reached XP level 12. HP: 26/58 MP: 32/32
  2099 | D        | Killed an alligator snapping turtle
  2109 | D        | Got a barnacled rune of Zot
  2115 | D        | Slain by an alligator snapping turtle

Illustrated notes

Levels and vault maps discovered:
D:        dungeon_sprint_mu [sprint_mu_entry_forest, sprint_mu_temple_rooms,
          sprint_mu_d1_horrors, sprint_mu_d2_genie, sprint_mu_d3_branching,
          sprint_mu_orc_legion, sprint_mu_elf_gauntlet, sprint_mu_hive_nellie,
          sprint_mu_lair_fedhas, sprint_mu_vaults_butterflies,
          sprint_mu_slime_circle, sprint_mu_swamp_cave, sprint_mu_shoals_kraken,
          sprint_mu_blade_basic, sprint_mu_crypt_lich, sprint_mu_tomb_spiral,
          sprint_mu_vestibule_basic, sprint_mu_gehenna_hellfire,
          sprint_mu_dis_giant, sprint_mu_tartarus_statrot,
          sprint_mu_cocytus_islands, sprint_mu_zot1]

Skill      XL: |  1  2  3  4  5  6  7  8  9 10 11 |
---------------+----------------------------------+-----
Stealth        | 8 9 10 11 13 14 15 | 15.0
Spellcasting   | 4 5 6 7 8 9 11 13 15 | 15.5
Hexes          | 5 6 7 8 9 11 13 15 | 15.0
Short Blades   | 2 3 4 5 6 7 9 10 | 10.0
Dodging        | 3 4 5 6 8 9 11 13 16 | 16.3
Conjurations   | 2 3 4 5 6 7 9 11 13 | 13.8
Fighting       | 4 |  4.4
Ice Magic      | 2 |  2.5

Action                     |  1- 3 |  4- 6 |  7- 9 | 10-12 || total
---------------------------+-------+-------+-------+-------++-------
  Melee: Dagger            |     7 |    21 |    17 |    99 ||   144
         Kick              |       |     3 |     4 |    37 ||    44
         Punch             |       |       |       |     3 ||     3
   Cast: Ensorcelled Hiber |       |     8 |     6 |     5 ||    19
         Confusing Touch   |       |     1 |     1 |     3 ||     5
         Dazzling Flash    |       |     1 |       |     7 ||     8
    Use: Potion            |     1 |     4 |     3 |     3 ||    11
   Stab: Sleeping          |     3 |     6 |    13 |    24 ||    46
         Invisible         |       |     1 |       |    14 ||    15
         Confused          |       |       |     1 |     1 ||     2
 Armour: Robe              |       |       |       |     1 ||     1
  Dodge: Dodged            |     1 |    14 |    23 |    28 ||    66
